 Dungeon Crawl Stone Soup version 0.29-a0-25-g7f48f510a0 (webtiles) character file.

Game seed: 9817682830874071358

189715 porpoise the Warrior (level 18, -3/149 HPs)
             Began as a Djinni Conjurer on Jan 30, 2022.
             Was an Elder of Ashenzari.
             Killed from afar by Frances (36 damage)
             ... with a shard of ice
             ... on level 1 of the Swamp on Feb 1, 2022.
             The game lasted 04:02:24 (34799 turns).

porpoise the Warrior (Djinni Conjurer)             Turns: 34799, Time: 04:02:25

Health: -3/149     AC: 14    Str: 10    XL:     18   Next: 80%
Gold:   1412       EV: 26    Int: 23    God:    Ashenzari [****..] SH: 14 Dex: 15

rFire   + + +      SeeInvis +   a - +7 Spriggan's Knife {stab, EV+4 Stlth+}
rCold   + . .      Faith    .   n - +2 kite shield "Sidereal Annoyance" {rC+ rF+, Self, Cun} (curse)
rNeg    . . .      Spirit   .   N - +1 robe "Ordeal of the Bound God" {Archmagi, Fort, Self} (curse)
rPois   ∞          Reflect  .   Q - +2 helmet "Share My the Ego" {rF+ Dex+4, Cun, Fort} (curse)
rElec   .          Harm     .   J - +0 cloak
rCorr   .          Rampage  .   v - +0 pair of gloves
Will    +....      Archmagi +   (boots unavailable)
Stlth   +++++++... Clarity  +   u - amulet "Eternal Servitude" {Regen+, Range, Self} (curse)
HPRegen 1.14/turn               j - ring "Ruined Incredulity" {rC+, Evo, Cun} (curse)
MPRegen 0.00/turn               p - ring "Altruism of Ashenzari" {AC+4, Melee, Cun} (curse)

@: flying, studying 2 skills, unable to read
A: sickness immunity, fire resistance 2, cold vulnerability 1, float, innate
caster, HP casting, extra vitality 1, clumsy 1, inability to read while
threatened
}: 1/15 runes: serpentine
a: Renounce Religion, Curse Item, Shatter the Chains


You were on level 1 of the Swamp.
You worshipped Ashenzari.
Ashenzari was greatly pleased with you.
You visited 6 branches of the dungeon, and saw 29 of its levels.
You also visited: Ossuary and Ice Cave.

You collected 3228 gold pieces.
You spent 1816 gold pieces at shops.

Inventory:

Hand Weapons
 a - the +7 Spriggan's Knife (weapon) {stab, EV+4 Stlth+}
   (You found it on level 1 of the Lair of Beasts)

   It is more effective when stabbing unaware enemies, treating them as though
   they were completely helpless.
   EV:        It affects your evasion (+4).
   Stlth:     It makes you more stealthy.
Missiles
 b - 33 boomerangs (quivered)
 c - 24 stones
 r - 16 curare-tipped darts
Armour
 n - the cursed +2 kite shield "Sidereal Annoyance" (worn) {rC+ rF+, Self, Cun}
   (You took it off a naga warrior on level 1 of the Snake Pit)

   It has a curse which improves the following skills: Introspection: Fighting
   and Spellcasting.
   Cunning:   Dodging and Stealth.
 v - a +0 pair of gloves (worn)
 J - a +0 cloak (worn)
 N - the cursed +1 robe "Ordeal of the Bound God" (worn) {Archmagi, Fort, Self}
   (You took it off Psyche on level 8 of the Dungeon)

   It has a curse which improves the following skills: Fortitude: Armour and
   Shields.
   Introspection: Fighting and Spellcasting.
 Q - the cursed +2 helmet "Share My the Ego" (worn) {rF+ Dex+4, Cun, Fort}
   (You bought it in a shop on level 10 of the Dungeon)

   Dex:       It affects your dexterity (+4).
   rF:        It protects you from fire.
   It has a curse which improves the following skills: Cunning: Dodging and
   Stealth.
   Fortitude: Armour and Shields.
Jewellery
 j - the cursed ring "Ruined Incredulity" (left hand) {rC+, Evo, Cun}
   (You found it on level 2 of the Dungeon)

   [ring of protection from cold]

   rC:        It protects you from cold.
   It has a curse which improves the following skills: Evocations: Evocations.
   Cunning:   Dodging and Stealth.
 p - the cursed ring "Altruism of Ashenzari" (right hand) {AC+4, Melee, Cun}
   (You found it on level 6 of the Dungeon)

   [ring of protection]

   AC:        It affects your AC (+4).
   It has a curse which improves the following skills: Melee Combat: Short
   Blades, Long Blades, Axes, Maces & Flails, Polearms, Staves and Unarmed
   Combat.
   Cunning:   Dodging and Stealth.
 u - the cursed amulet "Eternal Servitude" (around neck) {Regen+, Range, Self}
   (You found it on level 5 of the Dungeon)

   [amulet of regeneration]

   Regen:     It increases your rate of health regeneration.
   It has a curse which improves the following skills: Ranged Combat: Slings,
   Bows, Crossbows and Throwing.
   Introspection: Fighting and Spellcasting.
Wands
 o - a wand of acid (10)
 q - a wand of paralysis (7)
 t - a wand of polymorph (19)
 I - a wand of iceblast (22)
 K - a wand of flame (30)
 O - a wand of mindburst (6)
Scrolls
 y - 5 scrolls of fog
 A - 4 scrolls of magic mapping
 B - 8 scrolls of teleportation
 F - 3 scrolls of holy word
 L - a scroll of vulnerability
 P - a scroll of silence
 S - a scroll of summoning
 T - 2 scrolls of blinking
Potions
 d - 11 potions of curing
 e - 6 potions of heal wounds
 g - 5 potions of might
 h - a potion of ambrosia
 l - 5 potions of lignification
 z - 2 potions of haste
 D - 6 potions of invisibility
 E - 3 potions of resistance
 G - 4 potions of attraction


   Skills:
 - Level 16.2(20.0) Fighting
 - Level 8.1(10.1) Short Blades
 - Level 3.2(5.6) Slings
 + Level 4.0(6.2) Throwing
 + Level 6.6(9.6) Armour
 - Level 15.3(20.0) Dodging
 - Level 9.2(14.0) Stealth
 - Level 9.0(12.0) Shields
 * Level 14.2(18.0) Spellcasting
 - Level 5.7(7.7) Evocations


You had 8 spell levels left.
You knew the following spells:

 Your Spells              Type           Power      Damage    Failure   Level
a - Magic Dart            Conj           100%       1d8       0%          1
b - Searing Ray           Conj           100%       2d8       0%          2
c - Fulminant Prism       Conj/Hex       51%        3d23      1%          4
d - Iskenderun's Mystic   Conj/Tloc      100%       2d19      1%          4
e - Iron Shot             Conj/Erth      51%        9d10      1%          6
f - Dispersal             Tloc           51%        N/A       1%          6
i - Summon Ice Beast      Ice/Summ       100%       N/A       1%          4
k - Blink                 Tloc           100%       N/A       0%          2
l - Leda's Liquefaction   Hex/Erth       51%        N/A       1%          4
p - Portal Projectile     Hex/Tloc       100%       N/A       0%          3
s - Sandblast             Erth           100%       2d20      0%          1
v - Summon Mana Viper     Hex/Summ       100%       N/A       1%          5
z - Dazzling Flash        Conj/Hex       100%       N/A       0%          3
Your spell library was empty.

Dungeon Overview and Level Annotations

Branches:
Dungeon (15/15)            Temple (1/1) D:5            Lair (6/6) D:10
  Swamp (1/4) Lair:3        Snake (4/4) Lair:4        Slime (0/5) Lair:5
    Orc (2/2) D:11            Elf (0/3) Orc:2        Vaults (0/5) D:14
 Depths (0/4) D:15        Ossuary (visited)           IceCv (visited)

Altars:
Ashenzari
Cheibriados
Dithmenos
Elyvilon
Fedhas
Gozag
Hepliaklqana
Kikubaaqudgha
Makhleb
Nemelex Xobeh
Okawaru
Qazlal
Ru
Sif Muna
Trog
Uskayaw
Vehumet
Wu Jian
Xom
Yredelemnul
Zin
The Shining One
Jiyva

Shops:
D:10 [   Orc:2 *[!:   Snake:1 !   Snake:3 (*[=:*

Annotations:
D:6 2 transporters, exclusion: upstairs, axecop's ghost, novice NaWn
D:12 3 runed translucent doors, siradein's ghost, journeyman DrEE
Lair:5 3 runed translucent doors, Tynuabry's ghost, journeyman DECj
Swamp:1 Frances
Snake:4 2 transporters, Gygal Fez's ghost, adept MiFi
Orc:1 2 transporters


Innate Abilities, Weirdness & Mutations

You are immune to sickness and miasma.
You are immune to poison.
Your flesh is very heat resistant. (rF++)
You are vulnerable to cold. (rC-)
You float through the air rather than walking.
You learn spells naturally, not from books.
Your magical power is your life essence.
You have superior vitality. (+4 MHP)
You are clumsy. (Dex -2)
You sometimes lose the ability to read scrolls when taking damage.


Message History

The mystic blast hits Frances.
Frances is severely wounded.
Frances is knocked back by the mystic blast.
Frances slams into the mangrove!
Frances is almost dead.
The mystic blast hits the vampire mosquito!!
You destroy the vampire mosquito!
You hear an angry buzzing noise.
Frances chants phrases taken from a devil's mouth.
Your base Throwing skill increases to level 4!
You cannot read scrolls in your current state!
Unknown command.
You cannot read scrolls in your current state!
Unknown command.
You cannot read scrolls in your current state!
Unknown command.
A vampire mosquito comes into view.
The sixfirhy barely misses you. The sixfirhy hits you. The sixfirhy shocks you!
* * * LOW HITPOINT WARNING * * *
Casting: Iskenderun's Mystic Blast (safe; 1% risk of failure)
Confirm with . or Enter, or press ? or * to list all spells.
You feel a surge of power!
You erupt in a blast of force!
The mystic blast hits the vampire mosquito!!
You destroy the vampire mosquito!
The mystic blast hits the sixfirhy!!
The sixfirhy is severely wounded.
The sixfirhy is knocked back by the mystic blast.
* * * LOW HITPOINT WARNING * * *
Frances mutters in a terrible tongue.
The iron shot misses you.
Unknown command.
Casting: Iskenderun's Mystic Blast (safe; 1% risk of failure)
Confirm with . or Enter, or press ? or * to list all spells.
You feel a surge of power!
You erupt in a blast of force!
The mystic blast hits the vampire mosquito!!
You destroy the vampire mosquito!
* * * LOW HITPOINT WARNING * * *
Frances chants phrases taken from a devil's mouth.
The shard of ice hits you!!! You partially resist.
You die...

, ♣.....♣♣♣♣♣♣ * , ,,
*♣♣♣≈..♣♣♣♣♣♣♣* , * **≈ .
♣♣≈≈=.....♣♣♣ ≈ *
.≈♣♣..3.≈.†/♣.♣♣ , **
≈≈..≈≈≈§≈≈.≈♣.≈♣♣ *
,≈≈≈≈≈.≈≈≈≈≈.≈.≈>.♣♣*≈ *
*≈ .≈≈≈..†≈†y♣≈.≈≈..♣♣ ,
♣ ≈.≈≈≈≈≈.4..†..≈≈..†♣♣
♣.♣ * ≈
≈≈§≈≈≈4{≈≈♣@.§♣≈≈≈.♣....
≈≈.♣♣≈≈≈@.≈≈≈≈≈≈.♣≈≈....♣
, ,≈≈≈≈≈≈.≈..≈§≈≈≈≈♣≈≈♣ ≈
♣≈≈♣♣♣≈.≈≈♣≈.≈≈......♣
*♣.≈.≈.≈.≈≈♣≈.≈≈.≈≈♣♣♣.♣
, ♣≈ ♣♣♣†.≈≈...†.≈≈≈≈≈≈♣*
* ♣♣...≈≈.♣.≈..♣.♣♣ , * ,
♣♣.§≈.♣♣♣<♣.♣.♣ ≈
♣♣.≈≈♣♣♣♣♣♣..♣


You could see Frances (fast), an orange demon (summoned), a sixfirhy (summoned)
and a vampire mosquito.

Vanquished Creatures
  A juggernaut (Orc:1)
  Agnes (Snake:4)
  Roxanne (Snake:2)
  5 nagarajas (Snake:4)
  Aizul (Snake:1)
  Louise (Snake:2)
  Nessos (Lair:6)
  A very ugly thing (D:15)
  An eleionoma (Swamp:1)
  Azrael (Orc:2)
  5 dire elephants (Lair:6)
  17 naga warriors
  A rakshasa (D:15)
  A great orb of eyes (D:15)
  6 hydras
  Erica (D:9)
  3 boulder beetles
  6 two-headed ogres
  A death knight (D:14)
  13 anacondas
  2 dancing weapons (D:14)
  An alligator (Swamp:1)
  5 centaur warriors
  A death yak (Lair:2)
  A tengu warrior (D:14)
  3 orc high priests (Orc:2)
  8 shock serpents
  Sonja (Lair:2)
  10 naga sharpshooters
  A salamander mystic (Snake:4)
  3 spectral death yaks (Lair:6)
  A fire crab (shapeshifter) (D:15)
  2 skeletal warriors (D:14)
  A goliath frog (Swamp:1)
  A spectral anaconda (Lair:6)
  6 sea snakes (Snake:4)
  An obsidian statue (Lair:6)
  6 naga ritualists
  3 necromancers (Lair:6)
  A lindwurm (Lair:1)
  3 bog bodies
  2 wizards
  4 deep elf pyromancers
  10 mana vipers
  An orc sorcerer (Orc:2)
  6 ugly things
  7 slime creatures
  3 cyclopes
  A will-o-the-wisp (Swamp:1)
  6 salamanders
  3 manticores
  15 elephants
  Maurice (D:8)
  9 guardian serpents
  16 naga magi
  28 black mambas
  Psyche (D:8)
  A torpor snail (Lair:5)
  15 cane toads
  A water nymph (shapeshifter) (D:14)
  5 rime drakes
  An unseen horror (D:12)
  2 freezing wraiths
  3 komodo dragons
  An ice devil (Lair:2)
  6 meliai (D:15)
  7 polar bears
  3 tyrant leeches
  7 trolls
  A wolf spider simulacrum (D:14)
  4 hornets
  The ghost of ChongLi the Magician, an amateur DjFE of Nemelex Xobeh (D:5)
  14 dream sheep
  Prince Ribbit (D:9)
  16 blink frogs
  44 yaks
  6 wyverns
  A shadow (D:8)
  5 wraiths
  A vampire (D:9)
  4 fire elementals (Orc:2)
  3 basilisks
  Grum (D:9)
  10 vampire mosquitoes
  A death yak simulacrum (Lair:6)
  6 wargs
  48 nagas
  14 water moccasins
  A swamp worm (Swamp:1)
  Duvessa (D:7)
  An acid dragon (D:11)
  2 spectral cane toads (Lair:6)
  2 hell hounds (Orc:2)
  An ice beast (D:7)
  25 orc warriors
  A sky beast (D:8)
  A black bear (D:8)
  14 wolves
  3 ogres
  2 necrophages
  4 boggarts (Lair:5)
  An elephant skeleton (Lair:6)
  21 centaurs
  A kobold brigand (D:11)
  3 gnoll sergeants
  10 scorpions
  2 wyvern zombies
  17 bullfrogs
  A two-headed ogre simulacrum (Lair:2)
  A water moccasin zombie (D:5)
  Dowan (D:7)
  A water moccasin skeleton (D:4)
  A killer bee (D:9)
  An elephant simulacrum (Lair:6)
  8 wights
  4 electric eels
  7 howler monkeys
  A bullfrog zombie (D:5)
  5 centaur zombies
  5 human zombies (Ossuary)
  37 orc priests
  A bullfrog skeleton (D:5)
  2 gnoll shamans
  5 hounds
  2 iguanas
  32 orc wizards
  6 scorpion zombies
  2 spriggan simulacra
  A wolf simulacrum (IceCv)
  A hound skeleton (D:2)
  3 howler monkey zombies
  3 mummies (Ossuary)
  5 gnolls (Orc:2)
  2 howler monkey skeletons
  A naga simulacrum (Lair:2)
  An adder (D:2)
  A shadow imp (D:5)
  3 white imps
  3 ufetubi
  4 dart slugs
  90 orcs
  6 endoplasms
  2 giant cockroaches (D:2)
  2 gnoll zombies (Ossuary)
  4 goblins
  4 hobgoblins
  2 jackals (D:3)
  3 quokkas
  5 ball pythons
  2 bats
  4 frilled lizards
  A goblin zombie (Ossuary)
  4 hobgoblin zombies (Ossuary)
  14 kobolds
  6 kobold zombies (Ossuary)
  2 orc zombies (Ossuary)
  A rat (D:3)
891 creatures vanquished.

Vanquished Creatures (collateral kills)
  A hydra (Lair:2)
  An anaconda (Snake:2)
  An orc high priest (Orc:2)
  A salamander (Snake:2)
  3 elephants (Lair:3)
  A black mamba (Lair:2)
  Joseph (D:9)
  6 cane toads
  A gargoyle (D:11)
  A rime drake (Lair:2)
  2 komodo dragons
  A freezing wraith (Lair:2)
  2 meliai (D:14)
  2 blink frogs
  A tyrant leech (Lair:3)
  A dream sheep (Lair:5)
  A wyvern (Lair:6)
  3 basilisks (Lair:2)
  6 yaks (Lair:2)
  2 nagas
  A swamp worm (Lair:3)
  2 water moccasins
  A wolf (Lair:2)
  A bullfrog (Lair:1)
  3 orc priests (Orc:2)
  3 orc wizards (Orc:2)
  2 orcs (Orc:2)
  A butterfly (Lair:6)
52 creatures vanquished.

Vanquished Creatures (others)
  2 meliai (D:14)
  8 foxfires (Swamp:1)
  187 fulminant prisms
  31 fungi
  38 plants
  33 withered plants (Lair:6)
299 creatures vanquished.

Grand Total: 1242 creatures vanquished

Notes
Turn   | Place    | Note
-------+----------+-------------------------------------------
     0 | D:1      | porpoise the Djinni Conjurer began the quest for the Orb.
     0 | D:1      | Reached XP level 1. HP: 15/15 MP: 0/0
   655 | D:1      | Reached XP level 2. HP: 19/21 MP: 0/0
   685 | D:1      | Found a faded altar of an unknown god.
  1249 | D:2      | Reached XP level 3. HP: 23/26 MP: 0/0
  1249 | D:2      | Learned a level 1 spell: Sandblast
  1976 | D:3      | Reached XP level 4. HP: 30/31 MP: 0/0
  1996 | D:3      | Reached skill level 1 in Fighting
  2314 | D:3      | Reached XP level 5. HP: 30/37 MP: 0/0
  2314 | D:3      | Learned a level 2 spell: Blink
  2390 | D:3      | Identified the +1 ring mail of the Fiend {rPois}
  2664 | D:3      | Found a burning altar of Makhleb.
  3216 | D:4      | Reached skill level 1 in Slings
  3216 | D:4      | Reached XP level 6. HP: 29/42 MP: 0/0
  3340 | D:4      | Reached skill level 2 in Fighting
  3776 | D:4      | Reached skill level 5 in Spellcasting
  3929 | D:5      | Entered Level 5 of the Dungeon
  4038 | D:5      | Noticed a water moccasin
  4047 | D:5      | Killed a water moccasin
  4303 | D:5      | Reached XP level 7. HP: 37/49 MP: 0/0
  4303 | D:5      | Learned a level 3 spell: Portal Projectile
  4319 | D:5      | Reached skill level 3 in Fighting
  4494 | D:5      | Found a white marble altar of Elyvilon.
  5259 | D:6      | Noticed axecop's ghost (novice NaWn)
  5262 | D:6      | Identified the +8 dire flail "Timallydd" {drain, +Blink
                  | rElec rC+ rCorr}
  5262 | D:6      | Noticed a two-headed ogre
  5295 | D:6      | Found a transporter.
  5307 | D:6      | Found a transporter.
  5395 | D:6      | Reached skill level 4 in Fighting
  5401 | D:6      | Reached XP level 8. HP: 34/58 MP: 0/0
  6087 | D:5      | Noticed ChongLi's ghost (amateur DjFE)
  6090 | D:5      | Found a transporter.
  6100 | D:5      | Found a transporter.
  6121 | D:5      | Killed ChongLi's ghost
  6122 | D:5      | Reached skill level 5 in Fighting
  6255 | D:5      | Found a staircase to the Ecumenical Temple.
  6276 | Temple   | Entered the Ecumenical Temple
  6542 | Temple   | Became a worshipper of Ashenzari the Shackled
  6612 | D:6      | Found a bloodstained altar of Trog.
  6891 | D:6      | Reached XP level 9. HP: 29/66 MP: 0/0
  6891 | D:6      | Learned a level 4 spell: Summon Ice Beast
  7038 | D:7      | Noticed Dowan
  7040 | D:7      | Noticed Duvessa
  7176 | D:7      | Found a sand-covered staircase.
  7187 | Ossuary  | Entered an ossuary
  7595 | Ossuary  | Reached skill level 6 in Fighting
  8386 | Ossuary  | Reached skill level 7 in Fighting
  8688 | D:7      | Reached skill level 5 in Stealth
  8795 | D:7      | Killed Dowan
  8802 | D:7      | Killed Duvessa
  8903 | D:7      | Reached skill level 8 in Fighting
  8923 | D:7      | Reached XP level 10. HP: 77/77 MP: 0/0
  8959 | D:7      | Reached skill level 5 in Dodging
  9180 | D:7      | Found an ornate altar of the Wu Jian Council.
  9426 | D:7      | Reached * piety under Ashenzari
  9538 | D:7      | Identified the +1 ring mail of Happiness {Will+}
  9544 | D:8      | Upgraded the game from 0.29-a0-22-gbf593b16ee to
                  | 0.29-a0-23-ga79f92ac9c
  9572 | D:8      | Reached skill level 9 in Fighting
  9642 | D:8      | Reached skill level 1 in Evocations
  9709 | D:8      | Noticed Maurice
  9762 | D:8      | Killed Maurice
  9940 | D:8      | Noticed a two-headed ogre
  9956 | D:8      | Noticed a two-headed ogre
  9956 | D:8      | Killed a two-headed ogre
  9957 | D:8      | Reached skill level 10 in Fighting
  9957 | D:8      | Reached XP level 11. HP: 74/86 MP: 0/0
  9957 | D:8      | Learned a level 4 spell: Leda's Liquefaction
 10328 | D:8      | Killed a two-headed ogre
 10700 | D:8      | Noticed Psyche
 10706 | D:8      | Killed Psyche
 10707 | D:8      | Reached skill level 11 in Fighting
 11012 | D:9      | Noticed Prince Ribbit
 11019 | D:9      | Killed Prince Ribbit
 11119 | D:9      | Noticed a two-headed ogre
 11132 | D:9      | Killed a two-headed ogre
 11141 | D:9      | Noticed Grum
 11158 | D:9      | Killed Grum
 11402 | D:9      | Found a sparkling altar of Nemelex Xobeh.
 11422 | D:9      | Reached ** piety under Ashenzari
 11443 | D:9      | Found a glowing golden altar of the Shining One.
 11707 | D:9      | Found a blossoming altar of Fedhas.
 11814 | D:9      | Noticed Joseph
 11832 | D:9      | Killed Joseph
 11861 | D:9      | Noticed Erica
 11866 | D:9      | Killed Erica
 12131 | D:9      | Noticed a centaur warrior
 12161 | D:9      | Noticed a manticore
 12163 | D:9      | Noticed a two-headed ogre
 12223 | D:9      | Killed a centaur warrior
 12224 | D:9      | Reached XP level 12. HP: 62/98 MP: 0/0
 12346 | D:9      | Identified the Reference Book on Necromancy
 12385 | D:9      | Killed a two-headed ogre
 12604 | D:10     | Entered Level 10 of the Dungeon
 12630 | D:10     | Reached skill level 12 in Fighting
 12811 | D:10     | Found a staircase to the Lair.
 12982 | D:10     | Found Hazeyfan's Antique Armour Shoppe.
 13144 | D:10     | Bought a slimy leather armour for 252 gold pieces
 13144 | D:10     | Identified the +3 leather armour of Recklessness {rPois
                  | Str+3 Dex+2 Stlth+} (You bought it in a shop on level 10 of
                  | the Dungeon)
 13144 | D:10     | Bought a masterwork helmet for 342 gold pieces
 13144 | D:10     | Identified the +2 helmet of Dishonesty {rF+ Dex+4} (You
                  | bought it in a shop on level 10 of the Dungeon)
 13554 | Lair:1   | Entered Level 1 of the Lair of Beasts
 13675 | Lair:1   | Reached skill level 1 in Armour
 14421 | Lair:1   | Reached XP level 13. HP: 105/105 MP: 0/0
 14421 | Lair:1   | Learned a level 5 spell: Summon Mana Viper
 14431 | Lair:1   | Reached skill level 5 in Shields
 15172 | Lair:1   | Found the +7 Spriggan's Knife {stab, EV+4 Stlth+}
 15918 | Lair:2   | Noticed Sonja
 15921 | Lair:2   | Killed Sonja
 15937 | Lair:2   | Reached skill level 10 in Spellcasting
 16125 | Lair:2   | Upgraded the game from 0.29-a0-23-ga79f92ac9c to
                  | 0.29-a0-25-g7f48f510a0
 16543 | Lair:2   | Noticed an eight-headed hydra
 16550 | Lair:2   | Killed an eight-headed hydra
 16719 | Lair:2   | Reached skill level 5 in Evocations
 16848 | Lair:2   | Reached skill level 13 in Fighting
 17008 | Lair:2   | Identified the +9 great sword of Ygoocwus {vorpal, rPois
                  | rCorr Str-5 Int-3}
 17848 | Lair:3   | Reached XP level 14. HP: 114/114 MP: 0/0
 18157 | Lair:3   | Reached *** piety under Ashenzari
 18505 | Lair:3   | Found a staircase to the Swamp.
 18933 | Lair:4   | Reached skill level 14 in Fighting
 19492 | Lair:4   | Found a staircase to the Snake Pit.
 19653 | Lair:4   | Reached skill level 1 in Short Blades
 19948 | Lair:5   | Found a viscous altar of Jiyva.
 19948 | Lair:5   | Found a staircase to the Slime Pits.
 19961 | Lair:5   | Found a runed translucent gate.
 19962 | Lair:5   | Found a runed translucent gate.
 19963 | Lair:5   | Found a runed translucent gate.
 19966 | Lair:5   | Noticed Tynuabry's ghost (journeyman DECj)
 20504 | Lair:5   | Reached **** piety under Ashenzari
 21303 | D:11     | Reached skill level 10 in Dodging
 21927 | D:11     | Found a staircase to the Orcish Mines.
 22376 | D:12     | Reached XP level 15. HP: 114/127 MP: 0/0
 22376 | D:12     | Learned a level 6 spell: Iron Shot
 22529 | D:12     | Found a runed translucent gate.
 22529 | D:12     | Found a runed translucent gate.
 22529 | D:12     | Found a runed translucent gate.
 22537 | D:12     | Noticed siradein's ghost (journeyman DrEE)
 22539 | D:12     | Noticed a shadow dragon
 22540 | D:12     | Noticed a frost giant
 22556 | D:12     | Reached skill level 5 in Short Blades
 22556 | D:12     | Reached skill level 5 in Armour
 22900 | D:13     | Found a frozen archway.
 22909 | IceCv    | Entered an ice cave
 23676 | D:14     | Found a gate to the Vaults.
 24613 | D:15     | Entered Level 15 of the Dungeon
 24778 | D:15     | Noticed a green very ugly thing
 24795 | D:15     | Killed a green very ugly thing
 24797 | D:15     | Paralysed by a great orb of eyes for 6 turns
 24841 | D:15     | Found a staircase to the Depths.
 25619 | Orc:1    | Entered Level 1 of the Orcish Mines
 25619 | Orc:1    | Found a transporter.
 25619 | Orc:1    | Found a transporter.
 25619 | Orc:1    | Found a transporter.
 25741 | Orc:1    | Found a sparkling altar of Nemelex Xobeh.
 25741 | Orc:1    | Noticed a juggernaut
 25742 | Orc:1    | Found a transporter.
 25742 | Orc:1    | Found a transporter.
 25751 | Orc:1    | Found a transporter.
 25866 | Orc:1    | Killed a juggernaut
 25867 | Orc:1    | Reached XP level 16. HP: 105/134 MP: 0/0
 25897 | Orc:2    | Entered Level 2 of the Orcish Mines
 26227 | Orc:2    | Gained mutation: You sometimes lose the ability to read
                  | scrolls when taking damage. [a neqoxec]
 26229 | Orc:2    | Gained mutation: You are clumsy. (Dex -2) [a neqoxec]
 26390 | Orc:2    | Noticed Azrael
 26411 | Orc:2    | Killed Azrael
 26604 | Orc:2    | Found Bamet's Antique Armour Emporium.
 26610 | Orc:2    | Found Neir's General Store.
 26611 | Orc:2    | Found Ecirphea's Distillery.
 26614 | Orc:2    | Found Enkewnir's Book Shoppe.
 26917 | Orc:2    | Found a staircase to the Elven Halls.
 27380 | Orc:2    | Bought a glowing robe for 118 gold pieces
 27380 | Orc:2    | Bought a dyed leather armour for 160 gold pieces
 27381 | Orc:2    | Bought a potion of heal wounds for 70 gold pieces
 27381 | Orc:2    | Bought a potion of heal wounds for 70 gold pieces
 27381 | Orc:2    | Bought a scroll of magic mapping for 49 gold pieces
 27383 | Orc:2    | Bought a potion of ambrosia for 104 gold pieces
 27383 | Orc:2    | Bought a potion of might for 52 gold pieces
 27383 | Orc:2    | Bought 2 potions of invisibility for 208 gold pieces
 27584 | Lair:6   | Entered Level 6 of the Lair of Beasts
 27613 | Lair:6   | Noticed Nessos
 27830 | Lair:6   | Killed Nessos
 28301 | Lair:6   | Reached skill level 1 in Throwing
 28647 | Lair:6   | Reached skill level 15 in Fighting
 29598 | Snake:1  | Entered Level 1 of the Snake Pit
 29620 | Snake:1  | Reached XP level 17. HP: 54/141 MP: 0/0
 29620 | Snake:1  | Learned a level 6 spell: Dispersal
 29976 | Snake:1  | Identified the +9 hand axe "Addiunyod" {vorpal, rElec Will+
                  | Dex-2}
 30036 | Snake:1  | Noticed Aizul
 30140 | Snake:1  | Identified a scroll of acquirement
 30151 | Snake:1  | Killed Aizul
 30172 | Snake:1  | Acquired 796 gold pieces
 30188 | Snake:1  | Found Ymonom's Distillery.
 30192 | Snake:1  | Bought a potion of haste for 170 gold pieces
 30192 | Snake:1  | Bought a potion of heal wounds for 85 gold pieces
 30192 | Snake:1  | Bought a potion of invisibility for 136 gold pieces
 30774 | Snake:2  | Noticed Louise
 30794 | Snake:2  | Killed Louise
 30959 | Snake:2  | Noticed Roxanne
 30966 | Snake:2  | Killed Roxanne
 30967 | Snake:2  | Reached skill level 16 in Fighting
 31129 | Snake:2  | Identified the +8 hand axe "Fokhlo" {vorpal, Int+2}
 31825 | Snake:3  | Reached skill level 15 in Dodging
 32117 | Snake:3  | Found Hedux's Overcharged Wands.
 32252 | Snake:3  | Found Pinno's Antique Weapon Shoppe.
 32321 | Snake:3  | Reached XP level 18. HP: 112/149 MP: 0/0
 32612 | Snake:3  | Found Mephyh's Book Shop.
 32612 | Snake:3  | Found Higasebb's Antique Armour Shop.
 32612 | Snake:3  | Found Alichigg's General Store.
 32615 | Snake:3  | Found Foogutof's Jewellery Shop.
 32916 | Snake:4  | Entered Level 4 of the Snake Pit
 32927 | Snake:4  | Found a bloodstained altar of Trog.
 32927 | Snake:4  | Noticed Gygal Fez's ghost (adept MiFi)
 32990 | Snake:4  | Found a bloodstained altar of Trog.
 33134 | Snake:4  | Noticed Agnes
 33138 | Snake:4  | Killed Agnes
 33863 | Snake:4  | Got a serpentine rune of Zot
 33990 | Snake:4  | Found a transporter.
 33993 | Snake:4  | Found a transporter.
 34705 | Swamp:1  | Entered Level 1 of the Swamp
 34785 | Swamp:1  | Noticed Frances
 34799 | Swamp:1  | Killed from afar by Frances

Illustrated notes

Levels and vault maps discovered:
D:1:      lightli_arrival_maybe_door_vault, layout_basic,
          hellmonk_ecumenical_altar_run_dry, minmay_misc_feat_encased
D:2:      layout_basic, hangedman_abyss_or_decor_lesser_grid
D:3:      layout_rooms, marbit_many_paths
D:4:      cheibrodos_helix_gallery, layout_layer_cave, minivault_1
D:5:      layout_basic, mainiacjoe_overflow_large_starburst,
          minmay_temple_entry_poolview, gammafunk_ghost_arena
D:6:      layout_loops_ring, trog_hazing_becter, gammafunk_ghost_smash,
          minmay_fountain_box, nicolae_benzene_ring, grunt_ministairs_4,
          minmay_manual_mares
D:7:      layout_cave_pools, nzn_wu_jian_contemplation, enter_ossuary_1,
          serial_bayou_crossing, uniq_duvessa
D:8:      hangedman_cross_stitches, layout_basic, uniq_maurice, uniq_psyche
D:9:      kennysheep_windowed_halls, layout_cross,
          nicolae_overflow_crystal_walls, mainiacjoe_overflow_paths,
          mainiacjoe_overflow_tiny_flanked, uniq_grum, uniq_prince_ribbit1,
          uniq_erica, uniq_joseph
D:10:     layout_small_grid, erik_lair_island, serial_shops, shop
D:11:     layout_cave_pools, erik_orc_4
D:12:     layout_rooms, gammafunk_ghost_split, nicolae_vehumet_altar_sigil
D:13:     layout_cave_pools, portal_ice_cave_entry_pillars_1
D:14:     kennysheep_six_static_rooms, layout_basic, erik_vaults_1
D:15:     gammafunk_enter_depths_forms, layout_loops_ring, moated_statue
Temple:   minmay_temple_curvy_branch
Lair:1:   layout_layer_cave, serial_rivers, chequers_serial_rivers_large_b,
          chequers_serial_rivers_micro_a, chequers_serial_rivers_marsh,
          chequers_serial_rivers_large_a, st_stairs_11
Lair:2:   dreamdust_isle_of_ice, layout_cave_pods, hangedman_lair_generics_rect,
          uniq_sonja
Lair:3:   layout_misc_corridors, minmay_swamp_entry_worms
Lair:4:   layout_regular_city, minmay_snake_entry_guardpost_medium,
          lemuel_fruit_fields, infiniplex_staircase_pool
Lair:5:   layout_loops_ring, dpeg_slime_entry_enclosed_altar,
          gammafunk_ghost_necromancy, st_stairs_3, kilobyte_rumbling_trees,
          lemuel_fruit_tree
Lair:6:   due_jungle_book, layout_regular_city, minmay_stone_trees_small,
          fungi_pond_lemuel, chequers_serial_rivers_room_a, grunt_megastairs_1,
          serial_bayou_shore_b, infiniplex_staircase_pool_2,
          lemuel_fruit_fields, uniq_nessos
Swamp:1:  layout_falls_marsh, hangedman_swamp_blocks, uniq_frances
Snake:1:  layout_rooms, serial_shops, shop, nicolae_coiled_stairwell_down,
          uniq_aizul
Snake:2:  layout_cave_town, st_stairs_6, uniq_louise, uniq_roxanne
Snake:3:  layout_honeycomb, serial_shops, shop_fountains,
          minmay_shop_grid_forest, nicolae_shop_overcharged_wands
Snake:4:  grunt_snake_rune_pools, layout_grid_maze,
          gammafunk_ghost_wrathful_warriors, basic_altar,
          nicolae_snake_double_loop, uniq_agnes
Orc:1:    layout_caves, hellmonk_jugg_or_not, uniq_josephine
Orc:2:    st_orc_mages, layout_diamond_mine, uniq_azrael

Skill      XL: |  1  2  3  4  5  6  7  8  9 10 11 12 13 14 15 16 17 18 |
---------------+-------------------------------------------------------+-----
Spellcasting   | 4 5 6 7 9 10 11 12 13 14 | 14.2
Fighting       | 1 2 4 5 8 10 11 12 13 14 15 16 | 16.2
Slings         | 1 3 |  3.2
Stealth        | 2 3 4 5 6 8 9 |  9.2
Dodging        | 4 6 7 9 10 14 15 | 15.3
Evocations     | 2 3 5 |  5.7
Shields        | 2 4 5 6 7 9 |  9.0
Armour         | 2 3 4 6 |  6.6
Short Blades   | 4 7 8 |  8.1
Throwing       | 2 3 4 |  4.0

Action                   |  1- 3 |  4- 6 |  7- 9 | 10-12 | 13-15 | 16-18 || total
-------------------------+-------+-------+-------+-------+-------+-------++-------
Melee: Knife             |       |       |       |       |   202 |   213 ||   415
 Fire: Hunting sling     |     7 |    25 |    72 |   126 |    92 |    95 ||   417
Throw: Dart              |       |       |       |     1 |       |     5 ||     6
       Boomerang         |       |       |       |       |       |     4 ||     4
 Cast: Magic Dart        |    28 |     3 |     1 |       |       |     1 ||    33
       Searing Ray       |     7 |    19 |    43 |    90 |    44 |    35 ||   238
       Sandblast         |       |     1 |    81 |    68 |   168 |    59 ||   377
       Portal Projectile |       |       |     1 |       |       |       ||     1
       Fulminant Prism   |       |       |    10 |    45 |    52 |    81 ||   188
       Iskenderun's Myst |       |       |     3 |    32 |    15 |    72 ||   122
       Summon Ice Beast  |       |       |       |     7 |    31 |     6 ||    44
       Blink             |       |       |       |     1 |       |       ||     1
       Summon Mana Viper |       |       |       |       |    15 |    11 ||    26
       Dazzling Flash    |       |       |       |       |    73 |    67 ||   140
       Leda's Liquefacti |       |       |       |       |     1 |       ||     1
       Iron Shot         |       |       |       |       |    11 |   113 ||   124
Invok: Curse Item        |       |       |     1 |     2 |     3 |     1 ||     7
       Shatter the Chain |       |       |       |       |       |     1 ||     1
Evoke: Wand              |       |       |       |     1 |    10 |    10 ||    21
       Piece from Xom's  |       |       |       |       |     1 |       ||     1
  Use: Scroll            |       |     7 |     6 |     6 |     4 |     2 ||    25
       Potion            |       |       |       |       |     3 |     2 ||     5
 Stab: Sleeping          |       |       |       |       |   101 |   115 ||   216
Armor: Robe              |     2 |     1 |    37 |    28 |    63 |    49 ||   180
Dodge: Dodged            |     3 |    14 |    66 |    83 |   355 |   249 ||   770
Block: Buckler           |       |       |       |    22 |   111 |    62 ||   195
       Kite shield       |       |       |       |       |       |   146 ||   146

Table legend: (Time is in decaauts)
 A = Elapsed time spent in this place.
 B = Non-inter-level travel time spent in this place.
 C = Inter-level travel time spent in this place.
 D = Time resting spent in this place.
 E = Time spent auto-exploring this place.
 F = Levels seen in this place.
 G = Mean time per level.
                   A        B        C        D        E       F      G
               +--------+--------+--------+--------+--------+-----+--------+
         Total |  34663 |  32438 |   2225 |   9405 |  14927 |  31 | 1118.2 |
       Dungeon |  16259 |  15302 |    957 |   4478 |   7342 |  15 | 1083.9 |
        Temple |    288 |    266 |     22 |      0 |    243 |   1 |  288.0 |
          Lair |  10303 |   9420 |    883 |   2736 |   4288 |   6 | 1717.2 |
         Swamp |     94 |     94 |      0 |     13 |     29 |   1 |   94.0 |
     Snake Pit |   4615 |   4403 |    212 |   1081 |   2216 |   4 | 1153.8 |
  Orcish Mines |   1655 |   1506 |    149 |    168 |    809 |   2 |  827.5 |
       Ossuary |   1424 |   1424 |      0 |    928 |      0 |   1 | 1424.0 |
      Ice Cave |     22 |     22 |      0 |      0 |      0 |   1 |   22.0 |
               +--------+--------+--------+--------+--------+-----+--------+

Top non-repeatable levels by time:
  Lair:1: 3032 daAuts
  Lair:2: 2037 daAuts
     D:9: 1677 daAuts
     D:6: 1676 daAuts
  Lair:6: 1623 daAuts
     D:8: 1445 daAuts
 Ossuary: 1424 daAuts
 Snake:4: 1410 daAuts
     D:5: 1393 daAuts
  Lair:4: 1391 daAuts
 Snake:3: 1351 daAuts
   Orc:2: 1267 daAuts
    D:11: 1200 daAuts
    D:14: 1180 daAuts
 Snake:2: 1139 daAuts
